[ AOE2 MATCH · #481187519 ]
UnrankedIncas vs Huns
[ REPLAY ANALYSIS · EXTRACTED FROM THE RECORDED GAME ]
Feudal
—
Castle
—
Imperial
—
| APM avg | 33.5 |
| APM peak | 53 |
| eAPM avg | 13.3 |
| Villagers / military | 18 / 0 |
Focus
⚔️ 27.2% · 🌾 72.8%
Feudal
—
Castle
—
Imperial
—
| APM avg | 0.5 |
| APM peak | 4 |
| eAPM avg | 0.5 |
| Villagers / military | 1 / 0 |
Focus
⚔️ 0.0% · 🌾 100.0%
Feudal
—
Castle
—
Imperial
—
| APM avg | 29.8 |
| APM peak | 57 |
| eAPM avg | 8.8 |
| Villagers / military | 13 / 0 |
Focus
⚔️ 17.5% · 🌾 82.5%
Feudal
—
Castle
—
Imperial
—
| APM avg | 53.9 |
| APM peak | 69 |
| eAPM avg | 19.4 |
| Villagers / military | 19 / 0 |
Focus
⚔️ 17.8% · 🌾 82.2%
Feudal
—
Castle
—
Imperial
—
| APM avg | 59.2 |
| APM peak | 95 |
| eAPM avg | 12.7 |
| Villagers / military | 13 / 0 |
Focus
⚔️ 30.2% · 🌾 69.8%
Feudal
—
Castle
—
Imperial
—
| APM avg | 33.3 |
| APM peak | 63 |
| eAPM avg | 15.1 |
| Villagers / military | 18 / 0 |
Focus
⚔️ 20.8% · 🌾 79.2%
Feudal
—
Castle
—
Imperial
—
| APM avg | 37.2 |
| APM peak | 65 |
| eAPM avg | 8.3 |
| Villagers / military | 18 / 0 |
Focus
⚔️ 16.9% · 🌾 83.1%
Feudal
—
Castle
—
Imperial
—
| APM avg | 34.9 |
| APM peak | 60 |
| eAPM avg | 13.6 |
| Villagers / military | 18 / 0 |
Focus
⚔️ 28.3% · 🌾 71.7%
Match map
Initial resources + every placement click. Lines = walls · curves = elevation contours. ◆ gold · ⬟ stone · ● berries · ✦ relic · ◌ wall gap
Your base
一剑扫秋风nelson's base
F A L C O N 2 1 _ z Z's base
Oni.TaToH's base
ELEG | IronLeg's base
Poxo's base
Jrfear's base
c3mbrich!'s base
Smoothed initial terrain · ◌ = detected wall gap · hover for details
Inputs per minute
— [R1] Pume - - 一剑扫秋风nelson
Build order — [R1] Pume
22 actions detected in the replay
| 0:01 | Create | Villager (Male) |
| 0:03 | Build | House |
| 0:03 | Create | Villager (Male) |
| 0:05 | Create | Villager (Male) |
| 0:06 | Build | House |
| 0:11 | Create | Villager (Male) |
| 1:32 | Create | Villager (Male) |
| 2:01 | Create | Villager (Male) |
| 2:22 | Create | Villager (Male) |
| 2:27 | Build | Dock |
| 2:44 | Create | Villager (Male) |
| 3:04 | Create | Villager (Male) |
| 3:24 | Create | Villager (Male) |
| 3:33 | Create | Villager (Male) |
| 4:04 | Create | Villager (Male) |
| 5:01 | Create | Villager (Male) |
| 5:28 | Research | Loom |
| 5:55 | Create | Villager (Male) |
| 5:55 | Create | Villager (Male) |
| 5:55 | Create | Villager (Male) |
| 6:48 | Create | Villager (Male) |
| 6:49 | Create | Villager (Male) |
Build order — 一剑扫秋风nelson
1 actions detected in the replay
| 0:01 | Create | Villager (Male) |
Build order — F A L C O N 2 1 _ z Z
17 actions detected in the replay
| 0:01 | Create | Villager (Male) |
| 0:01 | Create | Villager (Male) |
| 0:02 | Build | House |
| 0:03 | Build | House |
| 0:10 | Create | Villager (Male) |
| 0:10 | Create | Villager (Male) |
| 1:31 | Create | Villager (Male) |
| 1:58 | Build | Lumber Camp |
| 2:05 | Create | Villager (Male) |
| 2:27 | Create | Villager (Male) |
| 2:45 | Create | Villager (Male) |
| 3:13 | Create | Villager (Male) |
| 3:31 | Create | Villager (Male) |
| 3:34 | Build | House |
| 3:58 | Create | Villager (Male) |
| 3:58 | Create | Villager (Male) |
| 4:37 | Create | Villager (Male) |
Build order — Oni.TaToH
21 actions detected in the replay
| 0:01 | Create | Villager (Male) ×5 |
| 0:01 | Create | Villager (Male) |
| 0:02 | Build | House |
| 0:03 | Build | House |
| 0:04 | Build | House |
| 1:27 | Create | Villager (Male) |
| 2:06 | Create | Villager (Male) |
| 2:40 | Create | Villager (Male) |
| 3:00 | Build | Lumber Camp |
| 3:23 | Create | Villager (Male) |
| 3:23 | Create | Villager (Male) |
| 3:25 | Build | House |
| 3:59 | Create | Villager (Male) |
| 4:19 | Create | Villager (Male) |
| 4:42 | Create | Villager (Male) |
| 5:45 | Research | Loom |
| 6:17 | Create | Villager (Male) |
| 6:18 | Create | Villager (Male) |
| 6:29 | Create | Villager (Male) |
| 6:52 | Create | Villager (Male) |
| 7:29 | Create | Villager (Male) |
Build order — ELEG | IronLeg
26 actions detected in the replay
| 0:02 | Build | House |
| 0:03 | Build | House |
| 0:20 | Create | Villager (Male) |
| 0:21 | Create | Villager (Male) |
| 0:22 | Create | Villager (Male) |
| 0:24 | Create | Villager (Male) |
| 0:25 | Create | Villager (Male) |
| 1:22 | Create | Villager (Male) |
| 1:23 | Create | Villager (Male) |
| 2:13 | Create | Villager (Male) |
| 2:14 | Create | Villager (Male) |
| 2:35 | Create | Villager (Male) |
| 2:35 | Create | Villager (Male) |
| 2:59 | Research | Loom |
| 3:10 | Create | Villager (Male) |
| 3:10 | Create | Villager (Male) |
| 3:37 | Build | House |
| 4:06 | Build | House |
| 6:17 | Build | Palisade Wall |
| 6:18 | Build | Palisade Wall |
| 6:19 | Build | Palisade Wall |
| 7:11 | Build | Palisade Wall |
| 7:12 | Build | Palisade Wall |
| 7:15 | Build | Palisade Wall |
| 7:16 | Build | Palisade Wall |
| 7:17 | Build | Palisade Wall |
Build order — Poxo
26 actions detected in the replay
| 0:00 | Create | Villager (Male) |
| 0:02 | Build | House |
| 0:03 | Build | House |
| 0:06 | Create | Villager (Male) |
| 0:07 | Create | Villager (Male) |
| 0:07 | Create | Villager (Male) |
| 1:27 | Create | Villager (Male) |
| 1:57 | Create | Villager (Male) |
| 2:09 | Build | Lumber Camp |
| 2:20 | Create | Villager (Male) |
| 2:23 | Create | Villager (Male) |
| 2:46 | Create | Villager (Male) |
| 3:06 | Create | Villager (Male) |
| 3:31 | Create | Villager (Male) |
| 3:57 | Create | Villager (Male) |
| 4:27 | Build | House |
| 4:32 | Create | Villager (Male) |
| 5:17 | Create | Villager (Male) |
| 5:42 | Research | Loom |
| 5:51 | Create | Villager (Male) |
| 6:21 | Build | Mill |
| 6:37 | Create | Villager (Male) |
| 7:00 | Create | Villager (Male) |
| 7:09 | Build | Mill |
| 7:27 | Create | Villager (Male) |
| 7:33 | Build | House |
Build order — Jrfear
22 actions detected in the replay
| 0:01 | Create | Villager (Male) |
| 0:01 | Create | Villager (Male) |
| 0:02 | Build | House |
| 0:04 | Build | House |
| 0:24 | Create | Villager (Male) |
| 0:24 | Create | Villager (Male) |
| 1:34 | Create | Villager (Male) |
| 2:02 | Create | Villager (Male) |
| 2:34 | Create | Villager (Male) |
| 2:34 | Create | Villager (Male) |
| 3:08 | Create | Villager (Male) |
| 3:08 | Create | Villager (Male) |
| 3:31 | Build | Lumber Camp |
| 3:34 | Build | House |
| 3:52 | Create | Villager (Male) |
| 3:52 | Create | Villager (Male) |
| 4:20 | Create | Villager (Male) |
| 4:20 | Create | Villager (Male) |
| 4:27 | Create | Villager (Male) |
| 4:27 | Create | Villager (Male) |
| 4:59 | Create | Villager (Male) |
| 4:59 | Create | Villager (Male) |
Build order — c3mbrich!
26 actions detected in the replay
| 0:01 | Create | Villager (Male) |
| 0:01 | Create | Villager (Male) |
| 0:02 | Build | House |
| 0:03 | Build | House |
| 0:15 | Create | Villager (Male) |
| 0:16 | Create | Villager (Male) |
| 1:23 | Create | Villager (Male) |
| 2:01 | Create | Villager (Male) |
| 2:08 | Create | Villager (Male) |
| 2:48 | Create | Villager (Male) |
| 3:11 | Build | Lumber Camp |
| 3:18 | Create | Villager (Male) |
| 3:18 | Create | Villager (Male) |
| 3:40 | Create | Villager (Male) |
| 3:41 | Create | Villager (Male) |
| 4:37 | Create | Villager (Male) |
| 4:44 | Build | House |
| 4:46 | Create | Villager (Male) |
| 6:00 | Create | Villager (Male) |
| 6:01 | Create | Villager (Male) |
| 6:03 | Build | House |
| 6:16 | Build | Mill |
| 6:27 | Create | Villager (Male) |
| 6:50 | Create | Villager (Male) |
| 6:56 | Build | House |
| 7:28 | Research | Feudal Age |
Match timeline
| 0:15 | 一剑扫秋风nelson · resign |
| 2:27 | [R1] Pume · first_building Dock |
| 6:17 | ELEG | IronLeg · wall_segment Palisade Wall x1 |
| 6:18 | ELEG | IronLeg · wall_segment Palisade Wall x1 |
| 6:19 | ELEG | IronLeg · wall_segment Palisade Wall x1 |
| 7:11 | ELEG | IronLeg · wall_segment Palisade Wall x1 |
| 7:12 | ELEG | IronLeg · wall_segment Palisade Wall x1 |
| 7:15 | ELEG | IronLeg · wall_segment Palisade Wall x1 |
| 7:16 | ELEG | IronLeg · wall_segment Palisade Wall x1 |
| 7:17 | ELEG | IronLeg · wall_segment Palisade Wall x1 |
[ AI ANALYSIS · 1 CREDIT ]
What really happened in this match?
Wolo.gg analyzes every decision: build order, eco, micro, common mistakes by bracket. Personalized analysis on WhatsApp or Discord in 30 seconds.
Civ guide
Incas
Perfil
Jugador #1554380